 Dungeon Crawl Stone Soup version 0.30-a0-870-gc5d4c5acee (webtiles) character file.

Game seed: 8146477011672791017

791 Esekla the Covert (level 7, -7/48 HPs)
             Began as an Octopode Delver on Mar 12, 2023.
             Was an Initiate of Gozag.
             Mangled by a kobold brigand
             ... wielding a +0 short sword of venom
              (10 damage)
             ... on level 6 of the Dungeon.
             The game lasted 00:22:56 (4705 turns).

Esekla the Covert (Octopode Delver)                 Turns: 4705, Time: 00:22:57

Health: -7/48      AC:  1    Str: 14    XL:     7   Next: 88%
Magic:  10/10      EV: 18    Int: 18    God:    Gozag
Gold:   680        SH:  0    Dex: 11    Spells: 7/10 levels left

rFire   . . .      SeeInvis +    x - +3 dagger (vamp)
rCold   . . .      Faith    .    (no shield)
rNeg    . . .      Spirit   .    (helmet restricted)
rPois   .          Reflect  .    (no amulet)
rElec   .          Rampage  .    u - +5 ring of evasion
rCorr   .                        (no ring)
Will    .....                    (no ring)
Stlth   +++++                    (no ring)
HPRegen 0.28/turn                (no ring)
MPRegen 0.12/turn                (no ring)
                                 (no ring)
                                 (no ring)

@: lethally poisoned (-7 -> -14)
A: almost no armour, amphibious, 8 rings, camouflage 1, gelatinous body 1,
(nimble swimmer 1), tentacles, see invisible, clever 1, strong 1, MP-powered
wands
a: Renounce Religion, Potion Petition, Call Merchant, Bribe Branch


You were on level 6 of the Dungeon.
You worshipped Gozag.
Gozag was pleased with you.
You visited 2 branches of the dungeon, and saw 7 of its levels.

You collected 753 gold pieces.
You spent 70 gold pieces at shops.
You paid 3 gold pieces to Gozag.

Inventory:

Hand Weapons
 a - a +0 long sword
 s - a +2 dagger of protection
 x - a +3 vampiric dagger (weapon)
Missiles
 n - 17 poisoned darts (quivered)
Jewellery
 u - a +5 ring of evasion (left tentacle)
 y - a ring of ice
Wands
 f - a wand of digging (6)
 A - a wand of mindburst (15)
Scrolls
 b - 2 scrolls of fog
 c - 2 scrolls of poison {unknown}
 d - 6 scrolls of fear
 h - a scroll of vulnerability {unknown}
 i - 2 scrolls of enchant weapon {unknown}
 j - 2 scrolls of identify {unknown}
 k - a scroll of teleportation {unknown}
 q - 2 scrolls of magic mapping
 v - 2 scrolls of immolation {unknown}
 w - a scroll of torment {unknown}
 z - a scroll of brand weapon {unknown}
Potions
 e - 2 potions of haste
 g - 4 potions of lignification
 m - a potion of heal wounds
 o - a potion of might {unknown}
 p - a potion of berserk rage
 r - a potion of invisibility {unknown}
 t - a potion of mutation


   Skills:
 * Level 4.2 Fighting
 + Level 1.2(3.3) Short Blades
 * Level 5.0(5.1) Long Blades
 + Level 0.4 Throwing
 * Level 3.3 Dodging
 + Level 9.3 Stealth
 * Level 2.3 Spellcasting


You had 7 spell levels left.
You knew the following spells:

 Your Spells              Type           Power      Damage    Failure   Level
b - Blink                 Tloc           4%         N/A       26%         2
p - Apportation           Tloc           4%         N/A       19%         1

Your spell library contained the following spells:

 Spells                   Type           Power      Damage    Failure   Level
 Necrotise                Necr           8%         1d4       19%         1
 Summon Small Mammal      Summ           8%         N/A       19%         1
 Lesser Beckoning         Tloc           4%         N/A       26%         2
 Static Discharge         Conj/Air       4%         2-3/arc   26%         2
 Gell's Gravitas          Tloc           2%         N/A       47%         3
 Teleport Other           Tloc           2%         N/A       47%         3
 Vhi's Electric Charge    Tloc/Air       4%         N/A       47%         3
 Manifold Assault         Tloc           2%         N/A       87%         4
 Arcjolt                  Conj/Air       1%         1d11      99%         5
 Lightning Bolt           Conj/Air       1%         1d12      99%         5
 Storm Form               Tmut/Air       1%         N/A       100%        7


Dungeon Overview and Level Annotations

Branches:
Dungeon (6/15)             Temple (1/1) D:5

Altars:
Cheibriados
Gozag
Hepliaklqana
Kikubaaqudgha
Nemelex Xobeh
Trog
Uskayaw
Vehumet
Wu Jian
Yredelemnul
The Shining One

Shops:
D:1 !


Innate Abilities, Weirdness & Mutations

You cannot wear most types of armour.
You are amphibious.
You can wear up to eight rings at the same time.
Your skin changes colour to match your surroundings (Stealth+).
Your rubbery body absorbs attacks. (AC +1, EV +1)
((You are camouflaged when in or above water. (Stealth+)))
You have tentacles for arms and can constrict up to eight enemies at once.
You have supernaturally acute eyesight. (SInv)
Your mind is acute. (Int +4, Str/Dex -1)
Your muscles are strong. (Str +4, Int/Dex -1)
You expend magic power (3 MP) to strengthen your wands.


Message History

The kobold brigand is severely wounded.
You feel sick.
The kobold brigand hits you but does no damage.
You are more poisoned.
You hit the kobold brigand but do no damage.
The kobold brigand is severely wounded.
You feel very sick.
The kobold brigand hits you but does no damage. x2
You hit the kobold brigand.
The kobold brigand is severely wounded.
You feel sick.
The kobold brigand hits you but does no damage.
You barely miss the kobold brigand.
The kobold brigand is severely wounded.
You feel sick.
The kobold brigand hits you but does no damage.
You hit the kobold brigand.
The kobold brigand is severely wounded.
You feel sick.
The kobold brigand hits you but does no damage.
You hit the kobold brigand but do no damage.
The kobold brigand is severely wounded.
You feel sick.
The kobold brigand hits you but does no damage. x2
You are lethally poisoned!
You hit the kobold brigand but do no damage.
The kobold brigand is severely wounded.
You feel yourself speed up.
* * * LOW HITPOINT WARNING * * *
You feel very sick.
The kobold brigand hits you but does no damage.
It was a potion of cancellation.
Your magical effects are unravelling.
You feel magically purged.
You feel less wooden.
* * * LOW HITPOINT WARNING * * *
You feel sick.
The kobold brigand hits you with a +0 short sword of venom!
You die...
Your body crumbles into a pile of gold.

########## #........## ##
######.......... .######
....##(.......###.......
.....#.......OKK@.......
..............K####.####
##.##..........#....### .#
.#.#.....(.....#......# ..#
.....#...(.....#......##..#
#...##.......$$...._......
.._....#.####..##......#
#...##.#.# #..##......#
.....#...# #..####....#


You could see a kobold brigand, an ogre and 2 kobolds.

Vanquished Creatures
  Sigmund (D:2)
  A centaur (D:6)
  A scorpion (D:3)
  2 hounds
  Ijyb (D:5)
  A jelly (D:4)
  3 iguanas
  2 sleepcaps
  2 orc wizards (D:6)
  A gnoll (D:1)
  11 adders
  2 ufetubi
  2 worms
  2 dart slugs
  4 orcs
  3 endoplasms
  2 giant cockroaches
  9 hobgoblins
  3 quokkas
  4 ball pythons
  2 bats
  3 frilled lizards
  9 goblins
  6 kobolds
  4 rats
81 creatures vanquished.

Notes
Turn   | Place    | Note
-------+----------+-------------------------------------------
     0 | D:5      | Esekla the Octopode Delver began the quest for the Orb.
     0 | D:5      | Reached XP level 1. HP: 16/16 MP: 1/1
    13 | D:5      | Noticed Ijyb
    26 | D:5      | Found a staircase to the Ecumenical Temple.
    41 | Temple   | Entered the Ecumenical Temple
    73 | D:5      | Found a basalt altar of Yredelemnul.
   136 | Temple   | Became a worshipper of Gozag Ym Sagoz the Greedy
   221 | D:4      | Noticed an iguana
   289 | D:4      | Noticed a bullfrog
   493 | D:3      | Found an ancient bone altar of Kikubaaqudgha.
   542 | D:3      | Found a hazy altar of Hepliaklqana.
   560 | D:3      | Noticed a scorpion
   652 | D:3      | Reached skill level 7 in Stealth
   652 | D:3      | Reached XP level 2. HP: 13/21 MP: 2/2
   733 | D:3      | Reached XP level 3. HP: 19/26 MP: 3/3
   844 | D:3      | Found an ornate altar of the Wu Jian Council.
  1054 | D:2      | Noticed Sigmund
  1104 | D:1      | Found Muucevv Mofo's Distillery.
  1112 | D:1      | Bought a potion of heal wounds for 70 gold pieces
  2107 | D:2      | Reached skill level 1 in Spellcasting
  2107 | D:2      | Reached XP level 4. HP: 31/31 MP: 5/5
  2535 | D:2      | Found a faded altar of an unknown god.
  2712 | D:2      | Killed Sigmund
  2713 | D:2      | Reached skill level 8 in Stealth
  2713 | D:2      | Reached XP level 5. HP: 37/37 MP: 5/7
  2713 | D:2      | Reached XP level 6. HP: 43/43 MP: 5/8
  3254 | D:4      | Learned a level 1 spell: Apportation
  3429 | D:4      | Reached XP level 7. HP: 48/48 MP: 10/10
  3999 | D:5      | Learned a level 2 spell: Blink
  4064 | D:5      | Killed Ijyb
  4395 | D:6      | Reached skill level 9 in Stealth
  4416 | D:6      | Found a glowing golden altar of the Shining One.
  4419 | D:6      | Reached skill level 1 in Short Blades
  4463 | D:6      | Found a bloodstained altar of Trog.
  4485 | D:6      | Found a sparkling altar of Nemelex Xobeh.
  4635 | D:6      | Reached skill level 5 in Long Blades
  4690 | D:6      | Gained mutation: Your muscles are strong. (Str +4, Int/Dex
                  | -1) [potion of mutation]
  4690 | D:6      | Gained mutation: You expend magic power (3 MP) to
                  | strengthen your wands. [potion of mutation]
  4690 | D:6      | Gained mutation: You have supernaturally acute eyesight.
                  | (SInv) [potion of mutation]
  4690 | D:6      | Gained mutation: Your mind is acute. (Int +4, Str/Dex -1)
                  | [potion of mutation]
  4705 | D:6      | Mangled by a kobold brigand

Illustrated notes

Levels and vault maps discovered:
D:1:      minmay_arrival_widening_spiral_wide, layout_loops_corners,
          serial_shops, nicolae_shop_waterfront, chequers_serial_rivers_micro_c,
          minmay_tromino_v4_b
D:2:      layout_basic, ebering_ecumenical_altar_mist, uniq_sigmund
D:3:      layout_basic, lemuel_crystal_altar, old_standard_altar,
          mainiacjoe_overflow_six_doors_small
D:4:      layout_gridville
D:5:      layout_basic, mainiacjoe_overflow_alcove_2,
          minmay_temple_entry_mini_moons, uniq_ijyb
D:6:      layout_rooms, mainiacjoe_overflow_small_starburst,
          nicolae_overflow_crystal_walls, marbit_many_paths, serial_glass,
          glass_columns_b, glass_columns_a, serial_shops, nicolae_shop_crystal
Temple:   chequers_temple_sunken

Skill      XL: |  1  2  3  4  5  6  7 |
---------------+----------------------+-----
Stealth        | 7 8 9 |  9.3
Spellcasting   | 1 2 |  2.3
Long Blades    | 3 4 5 |  5.0
Fighting       | 4 |  4.2
Dodging        | 3 |  3.3
Short Blades   | 1 |  1.2
Throwing       | |  0.4

Action                     |  1- 3 |  4- 6 |  7- 9 || total
---------------------------+-------+-------+-------++-------
  Melee: Falchion          |    65 |    31 |    26 ||   122
         Tentacles         |    10 |     5 |    19 ||    34
         Constrict         |    12 |    13 |    15 ||    40
         Dagger            |     1 |    17 |    57 ||    75
         Punch             |       |       |     1 ||     1
  Throw: Dart              |       |     8 |    10 ||    18
   Cast: Blink             |       |       |     1 ||     1
  Evoke: Wand              |       |     1 |       ||     1
    Use: Scroll            |     2 |       |       ||     2
         Potion            |       |       |     3 ||     3
   Stab: Sleeping          |     7 |    12 |     5 ||    24
 Armour: Skin              |     2 |       |    21 ||    23
  Dodge: Dodged            |    33 |    31 |    48 ||   112

Table legend: (Time is in decaauts)
 A = Elapsed time spent in this place.
 B = Non-inter-level travel time spent in this place.
 C = Inter-level travel time spent in this place.
 D = Time resting spent in this place.
 E = Time spent auto-exploring this place.
 F = Levels seen in this place.
 G = Mean time per level.
                   A        B        C        D        E       F      G
               +--------+--------+--------+--------+--------+-----+--------+
         Total |   4709 |   4548 |    161 |    466 |   1655 |   7 |  672.7 |
       Dungeon |   4694 |   4539 |    155 |    466 |   1655 |   6 |  782.3 |
        Temple |     15 |      9 |      6 |      0 |      0 |   1 |   15.0 |
               +--------+--------+--------+--------+--------+-----+--------+

Top non-repeatable levels by time:
     D:1: 1079 daAuts
     D:3: 1021 daAuts
     D:5: 813 daAuts
     D:2: 761 daAuts
     D:4: 704 daAuts
     D:6: 315 daAuts
  Temple: 15 daAuts
